 Dungeon Crawl Stone Soup version 0.29-a0-196-g79605ca (webtiles) character file.

Game seed: 8895899662372835078

58 Dorkslayer the Covered (level 3, -2/33 HPs)
             Began as a Minotaur Fighter on Feb 22, 2022.
             Killed from afar by an orc wizard (3 damage)
             ... with a magic dart
             ... on level 3 of the Dungeon.
             The game lasted 00:03:23 (1358 turns).

Dorkslayer the Covered (Minotaur Fighter)           Turns: 1358, Time: 00:03:25

Health: -2/33      AC:  7    Str: 18 (20) XL:     3   Next: 75%
Magic:  2/2        EV:  9    Int:  2 (5)  God:
Gold:   12         SH:  4    Dex: 10 (11) Spells: 2/2 levels left

rFire   . . .      SeeInvis .   a - +0 long sword
rCold   . . .      Faith    .   c - +0 buckler
rNeg    . . .      Spirit   .   b - +0 scale mail
rPois   .          Reflect  .   (helmet restricted)
rElec   .          Harm     .   (no cloak)
rCorr   .          Rampage  .   (no gloves)
Will    .....                   (no boots)
Stlth   ..........              (no amulet)
HPRegen 0.11/turn               (no ring)
MPRegen 0.08/turn               (no ring)

@: attractive
A: horns 2, retaliatory headbutt
a: no special abilities


You were on level 3 of the Dungeon.
You visited 1 branch of the dungeon, and saw 3 of its levels.

You collected 72 gold pieces.
You spent 60 gold pieces at shops.

Inventory:

Hand Weapons
 a - a +0 long sword (weapon)
Armour
 b - a +0 scale mail (worn)
 c - a +0 buckler (worn)
Scrolls
 e - a scroll of immolation {unknown}
 g - a scroll of identify {unknown}
 h - a scroll of enchant weapon {unknown}
 j - a scroll of summoning {unknown}
Potions
 d - a potion of might
 k - a potion of degeneration
 l - 3 potions of lignification
 m - a potion of flight


   Skills:
 + Level 4.0 Fighting
 + Level 3.1 Long Blades
 + Level 4.4 Armour
 + Level 0.3 Dodging
 + Level 4.3 Shields


You had 2 spell levels left.
You didn't know any spells.
Your spell library contained the following spells:

 Spells                   Type           Power      Damage    Failure   Level
 Confusing Touch          Hex            0%         N/A       100%        3
 Yara's Violent Unravell  Hex/Tmut       0%         3d3       100%        5
 Enfeeble                 Hex            0%         N/A       100%        7


Dungeon Overview and Level Annotations

Branches:
Dungeon (3/15)

Altars:

Shops:
D:2 !


Innate Abilities, Weirdness & Mutations

You have a pair of horns on your head.
You reflexively headbutt those who attack you in melee.


Message History

The orc wizard casts a spell.
The orc wizard flickers and vanishes!
Deactivating autopickup; reactivate with Ctrl-A.
You hit the orc.
The orc is lightly wounded.
The orc hits you but does no damage. x2
You barely miss the orc. The orc hits you with a +0 club.
You slash the orc!
You kill the orc!
Something hits you.
You miss something. Something hits you.
Unknown command.
You barely miss something.
You hear some strange, mumbled words.
A magic dart appears from out of thin air!
The magic dart hits you.
You miss something. Something hits you but does no damage.
The orc priest mumbles some strange prayers to Beogh against you.
Beogh smites you!
You hit something. Something hits you but does no damage.
The orc priest mumbles some strange prayers to Beogh against you.
Beogh smites you!
* * * LOW HITPOINT WARNING * * *
Something hits you.
* * * LOW HITPOINT WARNING * * *
It was a potion of degeneration.
There was something very wrong with that liquid.
You feel weakened.
You feel dopey.
You feel clumsy. Something hits you but does no damage.
It was a potion of attraction.
You feel attractive to monsters. Something hits you but does no damage.
It was a potion of cancellation.
Your magical effects are unravelling.
You feel magically purged.
You feel a little less mighty now.
You hear some strange, mumbled words.
A magic dart appears from out of thin air!
The magic dart hits you.
You die...

#. #...#..#
#.####.....#
#.....<...##
##>...........
#.#.........#
#.#.#####.....
#.............
#.#.o####.....
#@##.# ....
#{##)# #oo).#
######


You could see an orc priest and an orc.

Vanquished Creatures
  2 adders (D:2)
  An orc (D:3)
  5 ball pythons
  4 endoplasms
  2 giant cockroaches
  3 goblins
  4 hobgoblins
  4 kobolds
  4 quokkas
  A frilled lizard (D:1)
  3 rats
  A spectral goblin (D:1)
34 creatures vanquished.

Vanquished Creatures (others)
  A kobold (D:3)
1 creature vanquished.

Grand Total: 35 creatures vanquished

Notes
Turn   | Place    | Note
-------+----------+-------------------------------------------
     0 | D:1      | Dorkslayer the Minotaur Fighter began the quest for the
                  | Orb.
     0 | D:1      | Reached XP level 1. HP: 19/19 MP: 0/0
   154 | D:1      | Found a faded altar of an unknown god.
   160 | D:1      | Reached XP level 2. HP: 27/27 MP: 1/1
   343 | D:1      | You fall into a shaft and drop 1 floor!
   363 | D:2      | Reached XP level 3. HP: 33/33 MP: 2/2
   881 | D:2      | Found Ipausuxe's Distillery.
   901 | D:2      | Bought a potion of lignification for 30 gold pieces
   901 | D:2      | Bought a potion of flight for 30 gold pieces
  1355 | D:3      | HP: 1/33 [something (1)]
  1358 | D:3      | Killed from afar by an orc wizard

Illustrated notes

Levels and vault maps discovered:
D:1:      minmay_arrival_cross, layout_rooms,
          dreamdust_ecumenical_altar_drowned_temple
D:2:      layout_basic, serial_shops, nicolae_shop_advertising_works
          [nicolae_subvault_shop_adworks]
D:3:      layout_basic, serial_rivers, chequers_serial_rivers_micro_a,
          chequers_serial_rivers_micro_b, chequers_serial_rivers_large_a,
          chequers_serial_rivers_micro_c, chequers_serial_rivers_micro_e,
          chequers_serial_rivers_micro_c, uniq_robin

Skill      XL: |  1  2  3 |
---------------+----------+-----
Shields        | 4 |  4.3
Fighting       | 4 |  4.0
Armour         | 4 |  4.4
Long Blades    | 3 |  3.1
Dodging        | |  0.3

Action                   || total
-------------------------++-------
Melee: Long sword        ||    90
       Headbutt          ||     9
  Use: Potion            ||     4
Armor: Scale mail        ||    42
Dodge: Dodged            ||    47
Block: Buckler           ||    13

Table legend: (Time is in decaauts)
 A = Elapsed time spent in this place.
 B = Non-inter-level travel time spent in this place.
 C = Inter-level travel time spent in this place.
 D = Time resting spent in this place.
 E = Time spent auto-exploring this place.
 F = Levels seen in this place.
 G = Mean time per level.
                   A        B        C        D        E       F      G
               +--------+--------+--------+--------+--------+-----+--------+
         Total |   1393 |   1393 |      0 |    166 |    546 |   3 |  464.3 |
       Dungeon |   1393 |   1393 |      0 |    166 |    546 |   3 |  464.3 |
               +--------+--------+--------+--------+--------+-----+--------+

Top non-repeatable levels by time:
     D:2: 688 daAuts
     D:1: 669 daAuts
     D:3: 35 daAuts
